 Dungeon Crawl Stone Soup version 0.26-a0-651-gb41185065b (webtiles) character file.

Game seed: 6213931765608387294

364303 Flugslaktarn the Warrior (level 21, 0/151 HPs)
             Began as a Deep Dwarf Fighter on Oct 6, 2020.
             Was the Champion of Makhleb.
             Slain by an ancient lich (9 damage)
             ... on level 5 of the Realm of Zot.
             The game lasted 00:18:37 (18876 turns).

Flugslaktarn the Warrior (Deep Dwarf Fighter)      Turns: 18876, Time: 00:18:38

Health: 0/151      AC: 35    Str: 26 (27) XL:     21   Next: 21%
Magic:  4/4        EV:  4    Int: 13 (14) God:    Makhleb [******]
Gold:   2049       SH:  0    Dex: 16      Spells: 20/20 levels left

rFire    + + .     SeeInvis +   E - +6 broad axe (vorpal)
rCold    + + .     Faith    .   u - +0 kite shield
rNeg     + + .     Spirit   .   a - +0 gold dragon scales
rPois    +         Reflect  +   H - +0 helmet {SInv}
rElec    +         Harm     .   y - +0 cloak
rCorr    +         Rampage  .   l - +2 pair of gloves
MR       +....     Rnd*Rage +   I - +1 pair of boots
Stlth    ..........             K - amulet of reflection
HPRegen  0.00/turn              p - +4 ring of protection
MPRegen  0.09/turn              M - ring "Qexoeghu" {rN+ Int+2 Dex+2 Slay+3}

@: mighty, lethally poisoned (0 -> -13), resistant, vulnerable, no potions,
vertigo, held, non-regenerating, hasted, very quick
A: damage resistance, heal wounds, hooves 1, agile 1, berserk 2, deterioration
1, frail 3, low mp 1, negative energy resistance 1, sense surroundings 3,
screaming 1, subdued magic 1, MP-powered wands, no regeneration
}: 3/15 runes: barnacled, abyssal, gossamer
a: Heal Wounds, Minor Destruction, Lesser Servant of Makhleb, Major Destruction,
Greater Servant of Makhleb, Renounce Religion


You were on level 5 of the Realm of Zot.
You worshipped Makhleb.
Makhleb was exalted by your worship.
You visited 7 branches of the dungeon, and saw 38 of its levels.
You visited the Abyss 3 times.

You collected 2813 gold pieces.
You spent 764 gold pieces at shops.

Inventory:

Hand Weapons
 E - a +6 vorpal broad axe (weapon)
   (You acquired it on level 15 of the Dungeon)
Missiles
 A - 7 throwing nets (quivered)
Armour
 a - +0 gold dragon scales (worn)
   (You found it on level 4 of the Depths)
 l - a +2 pair of gloves (worn)
   (You found it on level 4 of the Dungeon)
 u - a +0 kite shield (worn)
 y - a +0 cloak (worn)
   (You found it on level 11 of the Dungeon)
 H - a +0 helmet of see invisible (worn)
   (You bought it in a shop on level 15 of the Dungeon)
 I - a +1 pair of boots (worn)
   (You bought it in a shop on level 15 of the Dungeon)
Jewellery
 f - an uncursed ring of protection from fire
   (You found it on level 11 of the Dungeon)
 m - an uncursed ring of protection from magic
   (You found it on level 5 of the Dungeon)
 p - a +4 ring of protection (left hand)
   (You found it on level 9 of the Dungeon)
 K - an amulet of reflection (around neck)
   (You found it on level 3 of the Lair of Beasts)
 M - the ring "Qexoeghu" (right hand) {rN+ Int+2 Dex+2 Slay+3}
   (You found it on level 4 of the Shoals)

   [ring of positive energy]

   It affects your intelligence (+2).
   It affects your dexterity (+2).
   It affects your accuracy and damage with ranged weapons and melee attacks
   (+3).
   It protects you from negative energy.
Wands
 i - a wand of acid (23)
   (You found it on level 6 of the Dungeon)
 k - a wand of paralysis (25)
   (You found it on level 7 of the Dungeon)
 B - a wand of enslavement (7)
   (You found it on level 15 of the Dungeon)
 C - a wand of iceblast (31)
   (You took it off a wight on level 8 of the Dungeon)
 D - a wand of digging (5)
   (You took it off a centaur on level 15 of the Dungeon)
Scrolls
 b - 4 scrolls of holy word
 c - a scroll of brand weapon
 r - 3 scrolls of identify
 t - 4 scrolls of teleportation
 x - 6 scrolls of remove curse
 P - 3 scrolls of fog
 Q - a scroll of fear
Potions
 d - 2 potions of might
 e - 6 potions of flight
 g - 2 potions of cancellation
 h - 2 potions of haste
 o - 2 potions of magic
 q - 6 potions of curing
 w - 6 potions of heal wounds
 G - 7 potions of mutation
 J - 6 potions of invisibility
 N - 3 potions of lignification
 S - 4 potions of ambrosia
Miscellaneous
 F - a condenser vane (2/2)
   (You found it on level 13 of the Dungeon)


   Skills:
 * Level 19.5 Fighting
 - Level 18.0 Axes
 + Level 16.9 Armour
 - Level 11.0 Dodging
 + Level 16.9 Shields
 - Level 15.0 Invocations
 - Level 10.0 Evocations


You had 20 spell levels left.
You didn't know any spells.
Your spell library was empty.

Dungeon Overview and Level Annotations

Branches:
Dungeon (15/15)            Temple (0/1) D:7            Lair (3/6) D:11
 Shoals (4/4) Lair:3       Spider (4/4) Lair:3          Orc (2/2) D:12
    Elf (0/3) Orc:2        Vaults (0/5) D:13         Depths (5/5) D:15
    Zot (5/5) Depths:5

Altars:
Elyvilon
Gozag
Makhleb
Nemelex Xobeh
Okawaru
Ru
Trog
Wu Jian
Xom
Yredelemnul
Zin
The Shining One
Beogh

Shops:
D:4 (?[*}   D:5 *   D:6 *   D:15 [   Orc:2 **((

Portals:
Hell: Depths:4 Depths:5
Abyss: Depths:4
Ziggurat: Depths:4

Annotations:
D:9 1 runed translucent door, Mukuu's ghost, novice TrMo
D:10 2 transporters, Wirotoh's ghost, journeyman DDFi
Spider:1 Roxanne


Innate Abilities, Weirdness & Mutations

You are resistant to damage.
You can heal yourself by infusing magical energy.
You resist negative energy. (rN+)
You passively map a large area around you.
You do not regenerate.
You have large cloven feet.
You are agile. (Dex +2)
You often lose your temper in combat.
Your body sometimes deteriorates upon taking damage.
You are extremely frail. (-30% HP)
Your magical capacity is low. (-10% MP)
You occasionally shout uncontrollably at your foes.
Your spells are a little easier to cast, but a little less powerful.
You expend magic power (3 MP) to strengthen your wands.


Message History

The ancient lich gestures at you while chanting.
The poison arrow hits you!
You are more poisoned.
You partially resist.
* * * LOW HITPOINT WARNING * * *
The quicksilver dragon looks as sick as possible!
The Orb Guardian is engulfed in poison gas.
The Orb Guardian looks as sick as possible!
The Orb Guardian hits you.
* * * LOW HITPOINT WARNING * * *
You struggle against the net.
The sentinel's mark upon you fades away.
* * * LOW HITPOINT WARNING * * *
You feel sick.
The Orb Guardian is engulfed in poison gas.
The Orb Guardian looks even sicker.
The Killer Klown is engulfed in poison gas.
The Killer Klown looks as sick as possible!
The ancient lich touches you!
You die...

********* ▓ ,,,,,,,,**** *▓▓▓
,,,^,,,,,,,*** *▓▓...
,,,,,,,,,,,,,** ▓▓.....
,,,,,,,,,,,,,,* ▓▓▓▓▓▓▓▓▓ ▓......
,,,,,,,,,,,,,,*▓▓XD○§...▓▓▓......
,,,,,^,,,,,,,,▓▓@*Xp○○☼..▓▓X.....
,,,,,,,,,,,,,,▓L**X.XDX...▓......
,,,,,,^,,,,,,.LW8.§§§°...XXX.^...
,,,,,,,,^,,.§°▓§...8.X°§..▓§.d...
,,,,,,,,,.§☼q§▓▓§○..8.§.§▓▓[.X.*.
,,,,,,,,,○..§,*▓▓....§.§▓▓▓..(..(
,,,,,,,,,°d☼,,* ▓▓▓▓▓▓▓▓▓ #....X.
,,,,,,,,,..§,** ##.^...
,,,,,,,,,,,*** ##▓..^


You could see 3 orbs of fire, a Killer Klown (extremely poisoned), 3 electric
golems, a tentacled monstrosity, a white draconian knight (icy armour), 2
ancient liches, a storm dragon, a green draconian, a quicksilver dragon
(extremely poisoned), 5 Orb Guardians and a shadow wraith (summoned, invisible).

Vanquished Creatures
  A juggernaut (Depths:5)
  2 orbs of fire (Zot:5)
  2 ancient liches (Zot:5)
  A Killer Klown (Zot:5)
  A curse toe (Zot:3)
  3 golden dragons
  3 bone dragons
  Arachne (Spider:4)
  Rupert (D:12)
  2 liches
  A hellephant (Abyss:4)
  4 tentacled monstrosities
  10 Orb Guardians (Zot:5)
  2 quicksilver dragons
  3 death cobs
  7 tentacled starspawn
  Agnes (Spider:2)
  2 shadow dragons
  4 draconian monks
  A storm dragon (Zot:3)
  2 daevas
  A deep elf sorcerer (Depths:5)
  An iron dragon (Depths:4)
  2 frost giants
  4 ghost moths
  7 emperor scorpions
  2 draconian annihilators (Depths:5)
  A cacodemon (Abyss:1)
  4 spriggan defenders
  9 very ugly things
  A deep elf elementalist (Depths:4)
  2 reapers
  A vampire knight (Depths:4)
  4 stone giants
  A juggernaut skeleton (Depths:4)
  2 red draconians
  5 black draconians
  3 entropy weavers
  Azrael (Orc:2)
  An eidolon (Abyss:3)
  2 white draconians
  A lorocyproca (Abyss:1)
  2 yellow draconians
  3 spark wasps
  A blizzard demon (Abyss:1)
  6 merfolk javelineers (Shoals:4)
  5 ettins
  4 fire dragons
  A deep elf high priest (Depths:5)
  6 merfolk impalers (Shoals:4)
  A quicksilver dragon zombie (Depths:4)
  3 yaktaur captains
  4 ogre magi (Depths:1)
  4 great orbs of eyes
  3 vault guards (D:13)
  2 hydras
  2 ice dragons (Depths:1)
  2 spriggan air magi
  2 merfolk aquamancers (Shoals:4)
  2 rakshasas
  An alligator (shapeshifter) (Depths:5)
  2 merfolk avatars
  4 centaur warriors
  Erica (D:8)
  22 two-headed ogres
  3 alligator snapping turtles
  4 deep troll earth magi
  5 deep troll shamans
  2 satyrs (Shoals:4)
  7 death yaks (D:11)
  2 tengu warriors
  A vampire mage (Depths:5)
  3 orc high priests (Orc:2)
  5 thrashing horrors
  2 spriggan berserkers (Depths:5)
  A titan zombie (Depths:4)
  A soul eater (Abyss:3)
  2 wretched stars (Abyss:3)
  An iron troll (Depths:3)
  2 deep elf knights
  2 sixfirhies (Abyss:1)
  A salamander mystic (Depths:5)
  10 deep trolls
  6 unseen horrors
  7 skeletal warriors
  A glowing orange brain (Abyss:3)
  2 spatial maelstroms
  2 deep elf archers (Depths:5)
  4 sea snakes (Shoals:4)
  Pikel (D:6)
  A necromancer (Depths:4)
  5 harpies (Shoals:4)
  22 ugly things
  5 orc knights
  4 orc sorcerers (Orc:2)
  21 wolf spiders
  12 fauns
  19 orb spiders
  15 manticores
  6 deep elf magi
  4 draconians (Abyss:4)
  6 moths of wrath
  5 salamanders
  2 worldbinders
  A moth of wrath (shapeshifter) (D:15)
  6 cyclopes
  8 merfolk sirens
  6 centaur zombies
  An apocalypse crab (Abyss:4)
  A black mamba (Lair:3)
  3 cane toads
  2 smoke demons
  4 water nymphs
  A guardian serpent (shapeshifter) (Depths:4)
  An orange demon (Abyss:1)
  A torpor snail (Spider:1)
  2 gargoyles
  3 centaur skeletons (D:14)
  A freezing wraith (Abyss:1)
  A hellion (Abyss:4)
  3 rime drakes
  10 yaktaurs
  15 demonic crawlers
  3 kobold demonologists
  2 efreet
  4 komodo dragons (Lair:3)
  3 tengu conjurers
  4 hellwings
  A harpy zombie (Abyss:1)
  A polar bear (Lair:3)
  5 trolls
  30 jumping spiders
  4 ancient zymes
  29 merfolk
  4 wind drakes
  A queen bee (Lair:3)
  14 hornets
  8 blink frogs
  A raiju (shapeshifter) (Depths:1)
  7 hippogriffs
  6 slime creatures (D:12)
  5 raiju
  4 dream sheep (Shoals:4)
  A meliai zombie (D:14)
  6 snapping turtles (Shoals:4)
  4 shadows
  11 water elementals
  62 redbacks
  33 tarantellas
  4 wyverns
  2 fire bats (Abyss:1)
  3 spriggans (Depths:5)
  2 vampires
  5 ynoxinuls
  15 yaks
  Eustachio (D:4)
  3 basilisks
  3 fire elementals (Orc:2)
  9 humans (D:13)
  15 large abominations
  3 wraiths
  A basilisk (shapeshifter) (Depths:5)
  8 chaos spawn
  3 neqoxecs
  2 wargs
  A spatial vortex (Abyss:3)
  3 soldier ants (Spider:3)
  2 acid dragons
  4 hell hounds (Orc:2)
  5 porcupines
  7 water moccasins
  20 orc warriors
  4 sky beasts
  2 eyes of draining
  3 phantoms
  2 necrophages
  27 starcursed masses
  A black bear (D:12)
  3 ice beasts
  14 small abominations
  12 ogres
  14 boggarts
  10 wolves (Lair:3)
  14 centaurs
  5 crocodiles
  18 bullfrogs
  6 big kobolds
  A wyvern zombie (D:12)
  A wyvern skeleton (D:14)
  A hornet simulacrum (D:15)
  5 scorpions
  22 killer bees (Lair:3)
  24 wights
  A vampire bat (D:4)
  An electric eel (Lair:3)
  4 howler monkeys
  A quasit (Abyss:1)
  A bullfrog zombie (D:13)
  6 hounds
  3 jellies
  19 orc priests
  4 bullfrog skeletons
  4 iron imps
  16 orc wizards
  4 iguanas
  13 worker ants
  A centaur simulacrum (Abyss:1)
  2 hound zombies
  A howler monkey zombie (D:9)
  2 worker ant zombies
  A howler monkey skeleton (D:9)
  4 adders
  A shadow imp (D:10)
  5 white imps
  2 ufetubi (D:6)
  An ooze (D:1)
  An adder skeleton (D:7)
  6 leopard geckos
  69 orcs
  A goblin (D:1)
  3 hobgoblins
  4 jackals
  5 quokkas
  A ball python (D:4)
  7 bats
  A frilled lizard (D:2)
  A jackal skeleton (D:7)
  11 kobolds
  A leopard gecko skeleton (D:8)
  A quokka zombie (D:6)
  3 rats
  8 starspawn tentacles (Abyss:1)
1249 creatures vanquished.

Vanquished Creatures (collateral kills)
  A hornet (Spider:4)
1 creature vanquished.

Vanquished Creatures (others)
  A draconian annihilator (Zot:3)
  A jumping spider (Spider:2)
  A tarantella (Spider:4)
  2 fire bats (Abyss:3)
  A scorpion (D:4)
  A worker ant (D:4)
  An adder (D:4)
  A worm (D:4)
  A leopard gecko (D:4)
  A ball python skeleton (D:4)
  A frilled lizard (D:4)
  A leopard gecko skeleton (D:4)
  5 fungi
  30 plants
  10 starspawn tentacles
58 creatures vanquished.

Grand Total: 1308 creatures vanquished

Notes
Turn   | Place    | Note
-------+----------+-------------------------------------------
     0 | D:1      | Flugslaktarn the Deep Dwarf Fighter began the quest for the
                  | Orb.
     0 | D:1      | Reached XP level 1. HP: 20/20 MP: 1/1
    72 | D:1      | Reached XP level 2. HP: 24/27 MP: 2/2
   140 | D:2      | Reached skill level 3 in Fighting
   163 | D:3      | Noticed a bullfrog
   182 | D:3      | Reached XP level 3. HP: 29/34 MP: 3/3
   190 | D:3      | Killed a bullfrog
   190 | D:3      | Reached XP level 4. HP: 40/43 MP: 4/4
   230 | D:4      | Found a shimmering altar of Xom.
   253 | D:4      | Found Mirhacufum's Assorted Antiques.
   257 | D:4      | Found Afruow's Antique Armour Shoppe.
   267 | D:4      | Reached XP level 5. HP: 43/50 MP: 5/5
   326 | D:4      | Found Iziliex's Magic Scroll Shoppe.
   379 | D:4      | Found Gorry's Gadget Emporium.
   382 | D:4      | Noticed Eustachio
   501 | D:4      | Killed Eustachio
   501 | D:4      | Reached skill level 4 in Fighting
   501 | D:4      | Reached XP level 6. HP: 50/57 MP: 5/5
   629 | D:4      | Found Laeham's Antique Weapon Shoppe.
   718 | D:5      | Entered Level 5 of the Dungeon
   903 | D:5      | Noticed an ice beast
   922 | D:5      | Killed an ice beast
   922 | D:5      | Reached skill level 5 in Axes
   985 | D:5      | Found Oppy's General Store.
   988 | D:5      | Reached XP level 7. HP: 54/66 MP: 6/6
  1346 | D:5      | Reached skill level 5 in Fighting
  1375 | D:5      | Found a bloodstained altar of Trog.
  1433 | D:6      | Noticed Pikel
  1468 | D:6      | Killed Pikel
  1468 | D:6      | Reached skill level 5 in Armour
  1468 | D:6      | Reached skill level 5 in Shields
  1468 | D:6      | Reached XP level 8. HP: 60/76 MP: 6/6
  1591 | D:6      | Reached skill level 6 in Fighting
  1947 | D:6      | Found Zin's Purification Station.
  1950 | D:6      | Found a glowing silver altar of Zin.
  2099 | D:4      | Bought a polished chain mail for 218 gold pieces
  2109 | D:4      | Identified the +7 chain mail of Dramatic Exits {rF+ rN+ MR-
                  | Str+3} (You bought it in a shop on level 4 of the Dungeon)
  2193 | D:6      | Found a sparkling altar of Nemelex Xobeh.
  2194 | D:6      | Found a burning altar of Makhleb.
  2202 | D:6      | Became a worshipper of Makhleb the Destroyer
  2271 | D:7      | Found an iron altar of Okawaru.
  2278 | D:7      | Gained mutation: You passively map the area around you.
                  | [Deep Dwarf growth]
  2278 | D:7      | Reached XP level 9. HP: 54/85 MP: 6/6
  2321 | D:7      | Found a staircase to the Ecumenical Temple.
  2355 | D:7      | Reached skill level 1 in Invocations
  2355 | D:7      | Reached skill level 1 in Evocations
  2358 | D:7      | Reached skill level 7 in Fighting
  2431 | D:7      | Found an opulent altar of Gozag.
  2431 | D:7      | Found a basalt altar of Yredelemnul.
  2440 | D:7      | Found a sacrificial altar of Ru.
  2442 | D:7      | Found a glowing golden altar of the Shining One.
  2444 | D:7      | Found an ornate altar of the Wu Jian Council.
  2864 | D:8      | Reached * piety under Makhleb
  2913 | D:8      | Found a white marble altar of Elyvilon.
  3140 | D:8      | Noticed Erica
  3170 | D:8      | Killed Erica
  3170 | D:8      | Reached skill level 8 in Fighting
  3170 | D:8      | Reached XP level 10. HP: 25/96 MP: 9/9
  3256 | D:8      | Noticed a two-headed ogre
  3269 | D:8      | Killed a two-headed ogre
  3790 | D:9      | Reached ** piety under Makhleb
  4140 | D:9      | Found a runed translucent door.
  4140 | D:9      | Noticed Mukuu's ghost (novice TrMo)
  4160 | D:9      | Identified the +5 spear "Xeykiq" {elec, Dex+4 SInv}
  4308 | D:10     | Entered Level 10 of the Dungeon
  4332 | D:10     | Killed an unseen horror
  4389 | D:10     | Reached skill level 10 in Axes
  4420 | D:10     | Noticed a two-headed ogre
  4430 | D:10     | Killed a two-headed ogre
  4430 | D:10     | Reached skill level 5 in Invocations
  4430 | D:10     | Reached skill level 5 in Evocations
  4591 | D:10     | Reached XP level 11. HP: 104/104 MP: 11/11
  4597 | D:10     | Reached skill level 9 in Fighting
  4697 | D:10     | Reached *** piety under Makhleb
  4859 | D:10     | Found a transporter.
  4861 | D:10     | Noticed Wirotoh's ghost (journeyman DDFi)
  4885 | D:10     | Found a transporter.
  5131 | D:11     | Noticed a two-headed ogre
  5144 | D:11     | Killed a two-headed ogre
  5487 | D:11     | Noticed a death yak
  5488 | D:11     | Found a staircase to the Lair.
  5488 | D:11     | Noticed a death yak
  5489 | D:11     | Noticed a death yak
  5489 | D:11     | Noticed a death yak
  5489 | D:11     | Noticed a death yak
  5489 | D:11     | Noticed a death yak
  5489 | D:11     | Noticed a death yak
  5512 | D:11     | Killed a death yak
  5525 | D:11     | Killed a death yak
  5538 | D:11     | Killed a death yak
  5542 | D:11     | Killed a death yak
  5547 | D:11     | Killed a death yak
  5550 | D:11     | Killed a death yak
  5555 | D:11     | Killed a death yak
  5555 | D:11     | Reached skill level 10 in Fighting
  5865 | D:12     | Found a staircase to the Orcish Mines.
  5914 | D:12     | Found a roughly hewn altar of Beogh.
  5914 | D:12     | Noticed an orc knight
  5916 | D:12     | Reached **** piety under Makhleb
  5926 | D:12     | Reached XP level 12. HP: 79/116 MP: 11/11
  6184 | D:12     | Reached ***** piety under Makhleb
  6225 | D:12     | Noticed Rupert
  6600 | D:12     | Killed Rupert
  7009 | D:13     | Noticed a vault guard
  7010 | D:13     | Noticed a vault guard
  7010 | D:13     | Noticed a vault guard
  7024 | D:13     | Killed a vault guard
  7024 | D:13     | Reached skill level 11 in Fighting
  7029 | D:13     | Killed a vault guard
  7036 | D:13     | Reached XP level 13. HP: 126/127 MP: 10/10
  7055 | D:13     | Found a gate to the Vaults.
  7504 | D:14     | Reached skill level 10 in Shields
  7518 | D:14     | Reached skill level 10 in Armour
  7699 | D:14     | Reached ****** piety under Makhleb
  7937 | D:15     | Entered Level 15 of the Dungeon
  7976 | D:15     | Identified a scroll of acquirement
  8027 | D:15     | Found a staircase to the Depths.
  8153 | D:15     | Reached skill level 10 in Invocations
  8188 | D:15     | Reached skill level 12 in Fighting
  8216 | D:15     | Found Uleez's Antique Armour Emporium.
  8256 | D:15     | Gained mutation: You resist negative energy. (rN+) [Deep
                  | Dwarf growth]
  8256 | D:15     | Reached XP level 14. HP: 93/138 MP: 12/12
  8260 | D:15     | Reached skill level 10 in Evocations
  8659 | D:15     | Bought a glowing helmet for 187 gold pieces
  8659 | D:15     | Bought a pair of embroidered boots for 187 gold pieces
  8669 | D:15     | Acquired a +1 broad axe of flaming
  8754 | Lair:1   | Entered Level 1 of the Lair of Beasts
  8858 | Lair:1   | Found a shimmering altar of Xom.
  9673 | Lair:3   | Found a staircase to the Shoals.
  9758 | Lair:3   | Found a hole to the Spider Nest.
 10600 | Orc:1    | Entered Level 1 of the Orcish Mines
 10840 | Orc:2    | Entered Level 2 of the Orcish Mines
 10893 | Orc:2    | Noticed Azrael
 10904 | Orc:2    | Reached skill level 13 in Fighting
 10915 | Orc:2    | Killed Azrael
 10919 | Orc:2    | Reached skill level 15 in Axes
 11090 | Orc:2    | Found a staircase to the Elven Halls.
 11238 | Orc:2    | Found Jissokhle's Antique Weapon Shop.
 11238 | Orc:2    | Found Aptiehuy's Assorted Antiques.
 11246 | Orc:2    | Reached XP level 15. HP: 124/147 MP: 13/13
 11256 | Orc:2    | Found Vezif's Antique Weapon Shop.
 11256 | Orc:2    | Found Pijenixt's General Store.
 11267 | Orc:2    | Bought a scroll of blinking for 172 gold pieces
 11543 | Shoals:1 | Entered Level 1 of the Shoals
 11913 | Shoals:4 | Entered Level 4 of the Shoals
 12185 | Shoals:4 | Reached skill level 14 in Fighting
 12191 | Shoals:4 | Reached XP level 16. HP: 156/159 MP: 14/14
 12368 | Shoals:4 | Got a fine lapis lazuli ring
 12649 | Shoals:4 | Got a barnacled rune of Zot
 12786 | Spider:1 | Entered Level 1 of the Spider Nest
 12788 | Spider:1 | Identified the ring "Qexoeghu" {rN+ Int+2 Dex+2 Slay+3}
                  | (You found it on level 4 of the Shoals)
 13000 | Spider:1 | Identified Roxanne's Papyrus of the Rocks
 13000 | Spider:1 | Noticed Roxanne
 13171 | Spider:2 | Noticed Agnes
 13186 | Spider:2 | Killed Agnes
 13608 | Spider:4 | Entered Level 4 of the Spider Nest
 13649 | Spider:4 | Noticed Arachne
 13667 | Spider:4 | Killed Arachne
 13667 | Spider:4 | Reached skill level 15 in Fighting
 13667 | Spider:4 | Reached skill level 1 in Dodging
 13671 | Spider:4 | Reached XP level 17. HP: 115/170 MP: 16/16
 14724 | Spider:4 | Got a gossamer rune of Zot
 15034 | Depths:1 | Entered Level 1 of the Depths
 15137 | Depths:2 | Noticed a lich
 15201 | Depths:3 | Reached skill level 5 in Dodging
 15213 | Depths:3 | Gained mutation: You passively map a large area around you.
                  | [Deep Dwarf growth]
 15213 | Depths:3 | Reached XP level 18. HP: 181/181 MP: 16/18
 15278 | Depths:3 | Paralysed by a great orb of eyes for 5 turns
 15353 | Depths:3 | Reached skill level 16 in Fighting
 15414 | Depths:4 | Reached skill level 15 in Invocations
 15427 | Depths:4 | Noticed a golden dragon
 15432 | Depths:4 | Noticed a tentacled monstrosity
 15440 | Depths:4 | Noticed a golden dragon
 15444 | Depths:4 | Killed a golden dragon
 15446 | Depths:4 | Killed a tentacled monstrosity
 15449 | Depths:4 | Killed a golden dragon
 15567 | Depths:4 | Found a magical portal.
 15753 | Depths:4 | Found a one-way gate to the infinite horrors of the Abyss.
 15856 | Depths:4 | Found a gateway to Hell.
 15980 | Depths:4 | Found a glowing silver altar of Zin.
 16048 | Depths:4 | Found a gateway to a ziggurat.
 16262 | Depths:4 | Voluntarily entered the Abyss.
 16402 | Abyss:1  | Gained mutation: You are frail. (-10% HP) [a cacodemon]
 16574 | Depths:4 | Escaped the Abyss
 16576 | Depths:4 | Voluntarily entered the Abyss.
 16720 | Abyss:1  | Reached skill level 17 in Fighting
 16727 | Abyss:1  | Reached XP level 19. HP: 173/173 MP: 13/13
 16763 | Depths:4 | Escaped the Abyss
 16765 | Depths:4 | Voluntarily entered the Abyss.
 16936 | Abyss:2  | Found a corrupted altar of Lugonu.
 17262 | Abyss:3  | Noticed a bone dragon
 17285 | Abyss:3  | Reached skill level 15 in Armour
 17309 | Abyss:3  | Killed a bone dragon
 17312 | Abyss:3  | Reached skill level 15 in Shields
 17390 | Abyss:4  | Found a corrupted altar of Lugonu.
 17394 | Abyss:4  | Noticed a lich
 17404 | Abyss:4  | Killed a lich
 17421 | Abyss:4  | Found a basalt altar of Yredelemnul.
 17431 | Abyss:4  | Found a basalt altar of Yredelemnul.
 17505 | Abyss:4  | Found a corrupted altar of Lugonu.
 17562 | Abyss:4  | Found a transporter.
 17565 | Abyss:4  | Gained mutation: You are dopey. (Int -2) [a neqoxec]
 17586 | Abyss:4  | Noticed a hellephant
 17596 | Abyss:4  | Found a transporter.
 17604 | Abyss:4  | Killed a hellephant
 17610 | Abyss:4  | Got an abyssal rune of Zot
 17632 | Depths:4 | Escaped the Abyss
 17667 | Depths:5 | Entered Level 5 of the Depths
 17692 | Depths:4 | Lost mutation: You are frail. (-10% HP) [potion of
                  | mutation]
 17692 | Depths:4 | Lost mutation: You are dopey. (Int -2) [potion of mutation]
 17692 | Depths:4 | Gained mutation: You expend magic power (3 MP) to
                  | strengthen your wands. [potion of mutation]
 17692 | Depths:4 | Gained mutation: You are agile. (Dex +2) [potion of
                  | mutation]
 17881 | Depths:5 | Reached skill level 18 in Fighting
 17935 | Depths:5 | Noticed a juggernaut
 17959 | Depths:5 | Killed a juggernaut
 17959 | Depths:5 | Reached skill level 10 in Dodging
 17959 | Depths:5 | Reached XP level 20. HP: 204/204 MP: 14/14
 18060 | Depths:5 | Found a gate to the Realm of Zot.
 18061 | Depths:5 | Noticed a bone dragon
 18063 | Depths:5 | Noticed a bone dragon
 18102 | Depths:5 | Killed a bone dragon
 18121 | Depths:5 | Killed a bone dragon
 18231 | Zot:1    | Entered Level 1 of the Realm of Zot
 18473 | Zot:3    | Noticed a curse toe
 18481 | Zot:3    | Noticed a golden dragon
 18484 | Zot:3    | Killed a golden dragon
 18506 | Zot:3    | Killed a curse toe
 18773 | Zot:5    | Entered Level 5 of the Realm of Zot
 18807 | Zot:5    | Noticed a Killer Klown
 18807 | Zot:5    | Noticed an orb of fire
 18807 | Zot:5    | Noticed an orb of fire
 18807 | Zot:5    | Noticed an orb of fire
 18813 | Zot:5    | Gained mutation: You have large cloven feet. [an orb of
                  | fire]
 18814 | Zot:5    | Gained mutation: You are frail. (-10% HP) [an orb of fire]
 18817 | Zot:5    | Noticed an ancient lich
 18822 | Zot:5    | Gained mutation: You tend to lose your temper in combat.
                  | [an orb of fire]
 18826 | Zot:5    | Noticed an orb of fire
 18826 | Zot:5    | Noticed an ancient lich
 18826 | Zot:5    | Noticed an orb of fire
 18832 | Zot:5    | Gained mutation: Your spells are a little easier to cast,
                  | but a little less powerful. [an orb of fire]
 18833 | Zot:5    | Gained mutation: You occasionally shout uncontrollably at
                  | your foes. [an orb of fire]
 18835 | Zot:5    | Noticed a Killer Klown
 18842 | Zot:5    | Killed an ancient lich
 18842 | Zot:5    | Gained mutation: You are very frail. (-20% HP) [an orb of
                  | fire]
 18844 | Zot:5    | Reached skill level 19 in Fighting
 18851 | Zot:5    | Gained mutation: Your magical capacity is low. (-10% MP)
                  | [an orb of fire]
 18854 | Zot:5    | Killed an orb of fire
 18855 | Zot:5    | Noticed an ancient lich
 18857 | Zot:5    | Killed an orb of fire
 18857 | Zot:5    | Reached XP level 21. HP: 164/172 MP: 4/4
 18862 | Zot:5    | Gained mutation: You are extremely frail. (-30% HP) [an orb
                  | of fire]
 18866 | Zot:5    | Noticed an ancient lich
 18867 | Zot:5    | Killed a Killer Klown
 18867 | Zot:5    | Gained mutation: Your body sometimes deteriorates upon
                  | taking damage. [an orb of fire]
 18868 | Zot:5    | Killed an ancient lich
 18873 | Zot:5    | Gained mutation: You often lose your temper in combat. [an
                  | orb of fire]
 18876 | Zot:5    | Slain by an ancient lich

Illustrated notes

Levels and vault maps discovered:
D:1:      dpeg_arrival_shrine, layout_basic
D:2:      layout_loops_corners, lemuel_round_altar
D:3:      layout_basic, gup_sewer_entry_glass, chequers_mini_garden
D:4:      layout_rooms, xom_confusion_cloud, serial_shops, shop, shop, shop,
          shop_fountains, shop, ebering_dispersal_statue_hall, roderic_batcave,
          uniq_eustachio
D:5:      layout_gridville, lightli_temple_of_fire, serial_shops, shop,
          hangedman_decor_lopped, minmay_stone_trees_medium, eino_tiny_chamber
D:6:      layout_rooms, zin_purify, gammafunk_temple_overflow_statue,
          minmay_quadrilaterals, uniq_pikel
D:7:      cheibrodos_helix_gallery, layout_basic,
          nicolae_overflow_crystal_walls, chequers_temple_overflow_minitemple,
          minmay_temple_entry_stoned_glass
D:8:      layout_basic, marbit_many_paths, uniq_erica
D:9:      layout_roguey, ebering_ghost_funeral_grove, minmay_between
D:10:     layout_irregular_city, gammafunk_ghost_berserking_beasts
D:11:     layout_basic, dpeg_lair_monsters
D:12:     layout_roguey [special_room_orc], david_orc_3, uniq_rupert
D:13:     layout_big_octagon, ximxim_vaults_locker_room
D:14:     layout_cave_pools, wad_floor_pattern_2
D:15:     grunt_enter_depths_snipers, layout_rooms, minmay_misc_feat_enclosed,
          serial_shops, shop
Lair:1:   layout_cave_pods, basic_altar, serial_bayou_shore_b,
          minmay_lair_oklob_chamber, lemuel_fruit_fields
Lair:2:   layout_chaotic_city
Lair:3:   regret_index_combs_of_tragedy, layout_hall_layers,
          elwin_shoals_entry_rooms, nicolae_spider_entry_tight_spaces,
          infiniplex_staircase_pool_2, serial_bayou_shore_a
Shoals:1: layout_shoals, ebering_ghost_xom, st_shoals_ruin
Shoals:2: layout_shoals, uniq_ilsuiw
Shoals:3: layout_shoals, serial_shops, shop
Shoals:4: shoals_end_hangedman, layout_shoals, shoal_ilsuiw
Spider:1: layout_spider_delve, uniq_roxanne
Spider:2: nicolae_spider_mines_1, nicolae_spider_webbed_stairs, uniq_agnes,
          uniq_aizul
Spider:3: layout_spider_delve, minmay_another_anthill
Spider:4: guppyfry_spider_rune, uniq_arachne
Orc:1:    layout_caves, uniq_jorgrun
Orc:2:    grunt_orc_tribal_feast, layout_caves, lemuel_statue_altar, uniq_azrael
Depths:1: layout_cave_pools, enter_trove_0, grunt_mini_vestibule,
          chequers_serial_rivers_large_b, okawaru_ov_weapons_minmay,
          uniq_asterion
Depths:2: thingy_vault, layout_basic, kennysheep_cross_room,
          grunt_hell_entry_dis_grunt
Depths:3: minmay_tile_spiral, layout_basic, chequers_serial_rivers_small_3,
          serial_sigils, serial_sigils_hangedman_gnaw,
          serial_sigils_hangedman_snap, serial_sigils_hangedman_quiver,
          serial_sigils_hangedman_scratch, serial_sigils_hangedman_scar,
          serial_sigils_hangedman_stare, rand_demon_pan_entry_1, hell_entry,
          minmay_crystal_room
Depths:4: minmay_dotted_concentric_squares, layout_cave_pools, enter_ziggurat_f,
          lightli_enter_wizlab_magi_temple, basic_altar,
          pf_vacation_house_of_asmodeus, hangedman_abyss_entry_splay,
          kennysheep_diamond
Depths:5: grunt_zot_entry_bicorn, layout_basic, hell_entry,
          nicolae_lava_and_water
Zot:1:    kennysheep_six_static_rooms, layout_misc_corridors, st_stairs_2,
          hangedman_zot_decor_checkerboard
Zot:2:    layout_twisted_circle
Zot:3:    layout_cathedral_of_symmetry
Zot:4:    kennysheep_blocky_room, layout_onion
Zot:5:    layout_gridlike, grunt_ministairs_4

Skill      XL: |  1  2  3  4  5  6  7  8  9 10 11 12 13 14 15 16 17 18 19 20 |
---------------+-------------------------------------------------------------+-----
Fighting       | 3 4 5 6 8 10 11 12 13 14 15 17 18 19 | 19.5
Axes           | 3 4 5 6 7 9 10 11 12 13 15 16 17 18 | 18.0
Armour         | 4 5 6 7 8 9 10 11 12 13 14 15 16 | 16.9
Shields        | 4 5 6 7 8 9 10 11 12 13 14 15 16 | 16.9
Invocations    | 3 5 7 8 10 11 12 13 14 15 | 15.0
Evocations     | 3 5 7 8 9 10 | 10.0
Dodging        | 1 5 7 10 11 | 11.0

Action                   |  1- 3 |  4- 6 |  7- 9 | 10-12 | 13-15 | 16-18 | 19-21 || total
-------------------------+-------+-------+-------+-------+-------+-------+-------++-------
Melee: War axe           |    55 |   160 |   294 |   650 |   490 |       |       ||  1649
       Broad axe         |       |       |       |       |   582 |  1010 |   761 ||  2353
Invok: Lesser Servant of |       |       |       |     3 |       |       |       ||     3
       Greater Servant o |       |       |       |       |       |     1 |     1 ||     2
 Abil: Heal Wounds       |     3 |    12 |    13 |    22 |    11 |    14 |    34 ||   109
Evoke: Wand              |       |       |       |     7 |     6 |       |       ||    13
       Condenser vane    |       |       |       |       |     4 |     6 |     5 ||    15
  Use: Scroll            |       |       |    10 |    10 |    12 |     4 |    11 ||    47
       Potion            |       |       |       |       |       |     5 |     6 ||    11
 Stab: Distracted        |       |       |       |       |       |     1 |       ||     1
       Held in net/web   |       |       |       |       |       |     1 |       ||     1
       Paralysed         |       |       |       |       |       |       |     1 ||     1
Armor: Scale mail        |    34 |   246 |       |       |       |       |       ||   280
       Chain mail        |       |     1 |   175 |   284 |   601 |   594 |       ||  1655
       Gold dragon scale |       |       |       |       |       |    67 |   514 ||   581
Dodge: Dodged            |    29 |   155 |    76 |   160 |   316 |   304 |   252 ||  1292
Block: Kite shield       |    36 |   237 |   163 |   341 |   857 |   964 |   741 ||  3339
       Reflection        |       |       |       |       |    24 |    32 |    17 ||    73

Table legend: (Time is in decaauts)
 A = Elapsed time spent in this place.
 B = Non-inter-level travel time spent in this place.
 C = Inter-level travel time spent in this place.
 D = Time resting spent in this place.
 E = Time spent auto-exploring this place.
 F = Levels seen in this place.
 G = Mean time per level.
                   A        B        C        D        E       F      G
               +--------+--------+--------+--------+--------+-----+--------+
         Total |  18654 |  17186 |   1468 |    650 |  10067 |  44 |  424.0 |
       Dungeon |   8973 |   8264 |    709 |      0 |   5352 |  15 |  598.2 |
          Lair |   2144 |   1811 |    333 |     38 |   1329 |   3 |  714.7 |
        Shoals |   1304 |   1172 |    132 |     43 |    596 |   4 |  326.0 |
   Spider Nest |   1876 |   1715 |    161 |     31 |    871 |   4 |  469.0 |
  Orcish Mines |    834 |    802 |     32 |    100 |    561 |   2 |  417.0 |
        Depths |   1670 |   1592 |     78 |    121 |    749 |   5 |  334.0 |
           Zot |    633 |    613 |     20 |    298 |    103 |   5 |  126.6 |
         Abyss |   1216 |   1216 |      0 |     19 |    504 |   6 |  202.7 |
               +--------+--------+--------+--------+--------+-----+--------+

Top non-repeatable levels by time:
  Lair:3: 1235 daAuts
Spider:4: 1097 daAuts
    D:12: 932 daAuts
    D:11: 871 daAuts
Depths:4: 862 daAuts
     D:8: 855 daAuts
Shoals:4: 840 daAuts
     D:6: 789 daAuts
    D:10: 785 daAuts
     D:5: 743 daAuts
    D:15: 736 daAuts
  Lair:2: 695 daAuts
     D:9: 630 daAuts
     D:7: 610 daAuts
    D:13: 607 daAuts
